 Dungeon Crawl Stone Soup version 0.21.1-1-g345015f (webtiles) character file.

105 wotfoxis the Chopper (level 4, -9/41 HPs)
             Began as a Hill Orc Chaos Knight on Feb 19, 2018.
             Mangled by a wraith (12 damage)
             ... in an ossuary.
             The game lasted 00:07:03 (765 turns).

wotfoxis the Chopper (Hill Orc Chaos Knight)         Turns: 765, Time: 00:07:05

Health: -9/41      AC:  7    Str: 14    XL:     4   Next: 83%
Magic:  4/4        EV:  9    Int: 12    God:    Xom [...*..]
Gold:   37         SH:  0    Dex: 11    Spells: 3/3 levels left

rFire    + . .     SeeInvis .   a - +0 hand axe (chaos)
rCold    x . .     Gourm    .   (no shield)
rNeg     . . .     Faith    .   i - +0 scale mail
rPois    .         Spirit   .   (no helmet)
rElec    .         Reflect  .   (no cloak)
rCorr    .         Harm     .   k - +0 pair of gloves
MR       .....                  (no boots)
Stlth    ..........             (no amulet)
HPRegen  0.13/turn              h - ring of fire
MPRegen  0.09/turn              (no ring)

@: slowed, very slow
A: no striking features
a: Renounce Religion


You were in an ossuary.
You worshipped Xom.
You were a favourite toy of Xom.
You were not hungry.

You visited 1 branch of the dungeon, and saw 4 of its levels.
You also visited: Ossuary.

You collected 37 gold pieces.

Inventory:

Hand Weapons
 a - a +0 hand axe of chaos (weapon)
Armour
 b - a +2 leather armour
 i - a +0 scale mail (worn)
 k - a +0 pair of gloves (worn)
Jewellery
 h - a ring of fire (left hand)
Scrolls
 d - 2 scrolls of remove curse
 e - a scroll of identify
 f - 3 scrolls of teleportation
Potions
 g - a potion of lignification {unknown}
 j - 2 potions of ambrosia
 l - a potion of berserk rage {unknown}
Comestibles
 c - 4 rations


   Skills:
 + Level 4.5 Fighting
 + Level 5.5 Axes
 + Level 2.6 Armour
 + Level 1.7 Dodging


You had 3 spell levels left.
You didn't know any spells.

Dungeon Overview and Level Annotations

Branches:
Dungeon (4/15)
 Temple: D:4-7

Altars:


Message History

You barely miss the wraith. The wraith hits you but does no damage.
You barely miss the wraith. The wraith hits you. The wraith drains your vigour!
You feel yourself slow down.
You closely miss the wraith.
You feel a little less clever now. The wraith closely misses you.
The wraith hits you! The wraith drains your vigour!
You feel as though you will be slow longer.
The wraith hits you.
* * * LOW HITPOINT WARNING * * *
"Over there now!"
The wraith blinks!
The wraith barely misses you. The wraith hits you!
* * * LOW HITPOINT WARNING * * *
The wraith drains your vigour!
You feel as though you will be slow longer.
The wraith hits you!
You die...
Xom bursts into laughter!

#+#..#+#..#+#..#+#..#+#..
.#..#.#..#.#..#.#..#.#..
........................
.......................
####......###......####.. #.
#?'...8...#.#...8...+ #..
#..####......#'#......####..
#.........W..#.#............
#.....^....@................
#..####.####.....####.####..
#..#.'..#.'...8...'.#..+ #..
#..####.####.....####.####..
#.....................^.....
#.......^..^.#.#............
#..####......#'#......####..
#..#.'...8...#.#.^.8...+,*..
#..####......###......##


You could see a wraith.

Vanquished Creatures
  A quasit (D:3)
  A human zombie (Ossuary)
  A mummy (Ossuary)
  An ooze (D:2)
  A dart slug (D:1)
  A giant cockroach (D:2)
  A gnoll zombie (Ossuary)
  2 hobgoblins (D:3)
  4 jackals
  A ball python (D:2)
  A bat (D:1)
  A frilled lizard (D:2)
  A goblin (D:3)
  3 hobgoblin zombies (Ossuary)
  3 kobolds
23 creatures vanquished.

Vanquished Creatures (others)
  A mummy (Ossuary)
  A hobgoblin zombie (Ossuary)
2 creatures vanquished.

Grand Total: 25 creatures vanquished

Notes
Turn   | Place    | Note
-------+----------+-------------------------------------------
     0 | D:1      | wotfoxis the Hill Orc Chaos Knight began the quest for the Orb.
     0 | D:1      | Reached XP level 1. HP: 19/19 MP: 1/1
   210 | D:2      | Reached XP level 2. HP: 11/27 MP: 2/2
   253 | D:2      | Reached skill level 1 in Dodging
   449 | D:3      | XOM: silly message
   453 | D:3      | Reached skill level 5 in Axes
   453 | D:3      | Reached XP level 3. HP: 16/34 MP: 3/3
   500 | D:4      | Found a sand-covered staircase.
   507 | Ossuary  | Entered an ossuary
   507 | Ossuary  | Noticed a wraith
   507 | Ossuary  | Noticed a wraith
   507 | Ossuary  | Noticed a wraith
   516 | Ossuary  | XOM: potion effect (curing)
   522 | Ossuary  | XOM: potion effect (agility)
   523 | Ossuary  | XOM: harmless Fire miscast
   525 | Ossuary  | XOM: harmless Necr miscast
   538 | Ossuary  | XOM: potion effect (invisibility)
   594 | Ossuary  | XOM: harmless Tmut miscast
   611 | Ossuary  | XOM: divination: magic mapping
   658 | Ossuary  | Reached XP level 4. HP: 22/41 MP: 4/4
   756 | Ossuary  | Noticed a wraith
   763 | Ossuary  | XOM: blink monster(s)
   765 | Ossuary  | Mangled by a wraith

Skill      XL: |  1  2 |
---------------+-------+-----
Fighting       | 4 |  4.5
Dodging        | 1 |  1.7
Axes           | 5 |  5.5
Armour         | |  2.6

Action                   |  1- 3 |  4- 6 || total
-------------------------+-------+-------++-------
Melee: Hand axe          |    70 |    15 ||    85
  Use: Potion            |     3 |     2 ||     5
       Scroll            |     3 |       ||     3
Armor: Leather armour    |    40 |       ||    40
       Scale mail        |    37 |     4 ||    41
Dodge: Dodged            |    67 |     4 ||    71
